 Dungeon Crawl Stone Soup version 0.25-a0-869-g05d4e06 (webtiles) character file.

Game seed: 1496982096730759293, levelgen mode: deterministic

32 Illumine the Skirmisher (level 3, -17/33 HPs)
             Began as a Hill Orc Fighter on Apr 30, 2020.
             Demolished by an ogre
             ... wielding a +0 giant club
              (23 damage)
             ... on level 2 of the Dungeon.
             The game lasted 00:01:40 (714 turns).

Illumine the Skirmisher (Hill Orc Fighter)           Turns: 714, Time: 00:01:41

Health: -17/33     AC:  6    Str: 19    XL:     3   Next: 27%
Magic:  3/3        EV:  7    Int:  8    God:
Gold:   4          SH:  9    Dex: 10    Spells: 2/2 levels left

rFire    . . .     SeeInvis .   a - +0 war axe
rCold    . . .     Gourm    .   c - +0 kite shield
rNeg     . . .     Faith    .   b - +0 scale mail
rPois    .         Spirit   .   (no helmet)
rElec    .         Reflect  .   (no cloak)
rCorr    .         Harm     .   (no gloves)
MR       .....                  (no boots)
Stlth    ..........             (no amulet)
HPRegen  0.11/turn              (no ring)
MPRegen  0.08/turn              (no ring)

@: no status effects
A: no striking features
a: no special abilities


You were on level 2 of the Dungeon.
You were not hungry.

You visited 1 branch of the dungeon, and saw 2 of its levels.

You collected 4 gold pieces.

Inventory:

Hand Weapons
 a - a +0 war axe (weapon)
Missiles
 g - 63 stones
 j - 25 sling bullets
 s - 5 poisoned darts (quivered)
Armour
 b - a +0 scale mail (worn)
 c - a +0 kite shield (worn)
Jewellery
 o - an uncursed amulet of harm {unknown}
Scrolls
 e - 2 scrolls of blinking {unknown}
 k - 2 scrolls of identify {unknown}
 m - a scroll of amnesia {unknown}
 r - a scroll of enchant armour {unknown}
Potions
 d - a potion of might
 h - a potion of magic {unknown}
 i - a potion of flight {unknown}
 l - a potion of resistance {unknown}
 n - a potion of curing {unknown}
 p - a potion of degeneration {unknown}
 q - 2 potions of lignification {unknown}
 t - a potion of haste {unknown}
Comestibles
 f - 3 rations


   Skills:
 + Level 4.0 Fighting
 * Level 3.7 Axes
 + Level 3.6 Armour
 + Level 3.6 Shields


You had 2 spell levels left.
You didn't know any spells.
Your spell library was empty.

Dungeon Overview and Level Annotations

Branches:
Dungeon (2/15)

Altars:


Message History

Press: ? - help, Shift-Dir - straight line, f/p - ogre
Aim: an ogre, wielding a +0 giant club (heavily wounded, very poisoned)
You throw a poisoned dart. The poisoned dart hits the ogre.
The ogre is heavily wounded.
Throwing (i - inventory. (/) - cycle)
s - 7 poisoned darts (quivered)
Press: ? - help, Shift-Dir - straight line, f/p - ogre
Aim: an ogre, wielding a +0 giant club (heavily wounded, poisoned)
You throw a poisoned dart. The poisoned dart hits the ogre.
The ogre looks even sicker.
The ogre is heavily wounded.
The ogre hits you with a +0 giant club.
* * * LOW HITPOINT WARNING * * *
Throwing (i - inventory. (/) - cycle)
s - 6 poisoned darts (quivered)
Press: ? - help, Shift-Dir - straight line, f/p - ogre
Aim: an ogre, wielding a +0 giant club (heavily wounded, poisoned)
You throw a poisoned dart.
The poisoned dart barely misses the ogre.
The ogre hits you with a +0 giant club!!
Ouch! That really hurt!
You die...

#........##.......[..
#......(.##..........
#........##.........
#......(.##........
##########........#
#.................# ##
#..........#.....##########
#.
#..........#....O..........
#.
#.........†#....@..........
#.
...............#...........
#.
#......^...#####...........
####. ####....####
#...........##.... #....#
#...........#.....
####....##
#.##'###+####.....
..†......#
#)##.......##.....
.........#
#.##.......##.....
.........#
#.##....)..##.....


You could see an ogre.

Vanquished Creatures
  A dart slug (D:1)
  A leopard gecko (D:1)
  4 bats
  4 giant cockroaches (D:1)
  5 goblins
  3 hobgoblins
  A ball python (D:2)
  3 frilled lizards
  5 kobolds
27 creatures vanquished.

Notes
Turn   | Place    | Note
-------+----------+-------------------------------------------
     0 | D:1      | Illumine the Hill Orc Fighter began the quest for the Orb.
     0 | D:1      | Reached XP level 1. HP: 19/19 MP: 1/1
   102 | D:1      | Reached XP level 2. HP: 27/27 MP: 2/2
   549 | D:2      | Reached XP level 3. HP: 33/33 MP: 3/3
   670 | D:2      | Reached skill level 4 in Fighting
   679 | D:2      | Noticed an ogre
   714 | D:2      | Demolished by an ogre

Levels and vault maps discovered:
D:1:      scummos_arrival_checkerplants, layout_rooms, serial_park_tiny_2
D:2:      layout_basic, tgw_xom

Skill      XL: |  1  2  3 |
---------------+----------+-----
Axes           | 3 |  3.7
Fighting       | 4 |  4.0
Armour         | |  3.6
Shields        | |  3.6

Action                   || total
-------------------------++-------
Melee: War axe           ||    89
Throw: Dart              ||     8
Armor: Scale mail        ||    52
Dodge: Dodged            ||    31
Block: Kite shield       ||    63

Table legend:
 A = Non-vault XP
 B = Vault XP
 C = Vault XP percentage of total XP
 D = Non-vault monster count
 E = Vault monster count
 F = Vault count percentage of total count
                 A         B        C        D         E       F
            +---------+---------+-------+---------+---------+-------
      Total |      47 |       0 |   0.0 |      27 |       0 |   0.0
            +---------+---------+-------+---------+---------+-------
        D:1 |      31 |       0 |   0.0 |      17 |       0 |   0.0
        D:2 |      16 |       0 |   0.0 |      10 |       0 |   0.0
            +---------+---------+-------+---------+---------+-------
